AoeStats
← Agamemnon

Arabia

504817188Analyzed
2v2 RM · 27d ago on Sep 6, 2026· 41m 30s· 4 players
Game mode
Random Map
Map size
Medium (4 player)
Population
200
Speed
Normal
Resources
Standard
Victory
Conquest
Starting age
Dark Age
Ending age
Imperial Age
RankedLock teamsTeams togetherTeam positionsShared explorationLock speedFull tech treeHidden civsTurbo modeCheats
Victory
Defeat
🇺🇸 Lithuanians · United States
842
+17
🇺🇸 Vietnamese · United States
823
+17
🇰🇿 Vikings · Kazakhstan
862
-17
🇰🇿 Magyars · Kazakhstan
856
-17
[RDY] TGCID
10:35 Feudal Age
9:13 Loom
11:03 Double-Bit Axe
11:19 Gold Mining
15:24 Horse Collar
16:06 Fletching
18:49 Padded Archer Armor
24:42 Forging
25:24 Scale Mail Armor
32:52 Castle Age
31:06 Arson
35:15 Bow Saw
39:29 Squires
42:05 Iron Casting
[RDY] Audemars Piguet
7:52 Loom
10:45 Feudal Age
14:04 Double-Bit Axe
19:03 Castle Age
24:52 Scale Barding Armor
27:20 Bloodlines
28:36 Forging
30:04 Husbandry
32:49 Wheelbarrow
35:31 Chain Barding Armor
35:47 Iron Casting
35:19 Fletching
35:30 Padded Archer Armor
Agamemnon
7:19 Loom
10:13 Feudal Age
10:36 Horse Collar
10:42 Double-Bit Axe
14:11 Scale Barding Armor
18:57 Bloodlines
23:00 Man-at-Arms
26:14 Castle Age
34:27 Husbandry
farrightmysticism
8:29 Loom
13:52 Feudal Age
19:33 Castle Age
Connection lost

Rejoining the realm…

Still unreachable

The connection could not be restored.

Session expired

The server has moved on; the page needs a fresh start.